TORONTO Maple Leafs vs COLUMBUS Blue Jackets

Created - 22 novembre 2018 at 19:35

Goals
1 2 3 T
TORONTO Maple Leafs 0 4 1 5
COLUMBUS Blue Jackets 3 2 2 7
Shots
1 2 3 T
TORONTO Maple Leafs 7 15 16 38
COLUMBUS Blue Jackets 15 8 8 31

1st period

1. COLUMBUS Blue Jackets , Olli Maatta 1 (Loui Eriksson 7, Casey Cizikas 8) at 4:29
2. COLUMBUS Blue Jackets , Alex Killorn 6 (Artturi Lehkonen 5, Dmitry Kulikov 7) at 12:47 (PP)
3. COLUMBUS Blue Jackets , Joel Edmundson 6 (Zdeno Chara 7, Zemgus Girgensons 2) at 13:12

Penalties :
Patrik Nemeth (TOR) for Interference (Minor) at 6:54, Austin Watson (TOR) for High sticking (Minor) at 11:51

2nd period

4. COLUMBUS Blue Jackets , Andre Burakovsky 6 (Joel Edmundson 12, Valtteri Filppula 9) at 0:19
5. TORONTO Maple Leafs , Timo Meier 4 (Jussi Jokinen 6, Ben Chiarot 9) at 9:10
6. COLUMBUS Blue Jackets , Gabriel Bourque 1 (Zemgus Girgensons 3, Trevor Lewis 2) at 11:43
7. TORONTO Maple Leafs , Stefan Noesen 2 (Mark Jankowski 3, Brett Ritchie 3) at 12:07
8. TORONTO Maple Leafs , Jussi Jokinen 5 (Austin Watson 4, Ben Chiarot 10) at 14:49
9. TORONTO Maple Leafs , Jussi Jokinen 6 (Ben Chiarot 11, Austin Watson 5) at 17:37

Penalties :
Olli Maatta (CLB) for Interference (Minor) at 9:34

3rd period

10. TORONTO Maple Leafs , Patrik Nemeth 4 (Andrej Sekera 8, Tyler Bozak 9) at 14:00 (PP)
11. COLUMBUS Blue Jackets , Alex Killorn 7 (Michael Frolik 5, Dmitry Kulikov 8) at 16:59 (PP)
12. COLUMBUS Blue Jackets , Casey Cizikas 6 (Loui Eriksson 8, Alex Killorn 6) at 19:43 (Empty Net)

Penalties :
Richard Panik (CLB) for Hooking (Minor) at 10:46, Olli Maatta (CLB) for Holding Stick (Minor) at 13:20, Nick Leddy (TOR) for Hooking (Minor) at 15:00

Goalie Stats

Roberto Luongo (TOR), 24 saves from 30 shots - (0,800), L, 10-8-4, 59:26 minutes
Mike Smith (CLB), 33 saves from 38 shots - (0,868), W, 9-5-4, 60:00 minutes

Players Stats for TORONTO Maple Leafs

Player Name              G  A  P  +/- PIM S  H  SB GA TA FO     MP     PP MP  PK MP  
------------------------------------------------------------------------------------
Andrej Sekera            0  1  1  -1  0   4  1  5  0  0  0/0    25:44   1:56   2:33 
Austin Watson            0  2  2   2  2   1  2  0  0  0  1/4    13:07   0:00   2:15 
Ben Chiarot              0  3  3   2  0   1  1  0  0  0  0/0    16:48   2:42   2:21 
Brett Ritchie            0  1  1   0  0   0  2  0  0  0  0/0     6:24   0:00   0:00 
Colin Wilson             0  0  0  -1  0   1  0  0  0  0  2/2    18:28   1:55   0:00 
Corey Perry              0  0  0  -1  0   3  0  0  0  0  0/1    18:28   1:55   0:00 
Ian McCoshen             0  0  0   2  0   1  0  0  0  0  0/0    13:35   0:00   1:46 
Jason Zucker             0  0  0  -2  0   6  1  0  0  0  2/2    22:47   2:43   3:26 
Julius Honka             0  0  0  -2  0   1  4  0  0  0  0/0    21:09   0:00   0:18 
Jussi Jokinen            2  1  3   2  0   2  0  0  0  0  6/12   11:25   0:00   0:32 
Kyle Turris              0  0  0  -2  0   2  0  0  0  0  11/23  20:45   2:43   1:24 
Mark Jankowski           0  1  1   0  0   1  0  0  0  0  5/11    6:24   0:00   0:00 
Nick Leddy               0  0  0  -2  2   4  1  2  0  0  0/0    21:50   2:42   0:53 
Nikolaj Ehlers           0  0  0  -2  0   4  1  0  0  0  0/3    19:21   2:43   0:00 
Patrik Nemeth            1  0  1  -1  2   3  1  2  0  0  0/0    20:52   1:56   1:57 
Stefan Noesen            1  0  1   0  0   1  2  0  0  0  0/1     7:48   0:00   1:24 
Timo Meier               1  0  1   2  0   1  0  0  0  0  1/2    11:40   0:00   0:47 
Tyler Bozak              0  1  1  -1  0   2  0  0  0  0  16/25  18:28   1:55   0:00 

Players Stats for COLUMBUS Blue Jackets

Player Name              G  A  P  +/- PIM S  H  SB GA TA FO     MP     PP MP  PK MP  
------------------------------------------------------------------------------------
Alex Killorn             2  1  3   0  0   2  2  0  0  0  0/0    14:26   2:18   1:15 
Andre Burakovsky         1  0  1  -2  0   5  0  0  0  0  2/4    21:16   2:36   0:23 
Artturi Lehkonen         0  1  1  -1  0   2  0  0  0  0  1/3    12:46   2:18   0:03 
Calvin de Haan           0  0  0   0  0   2  2  1  0  0  0/0    18:37   0:00   1:52 
Casey Cizikas            1  1  2   2  0   2  3  0  0  0  11/24  17:21   0:00   3:00 
Dmitry Kulikov           0  2  2   0  0   1  1  2  0  0  0/0    20:55   2:18   1:52 
Gabriel Bourque          1  0  1   2  0   1  0  0  0  0  1/1     7:25   0:00   0:00 
Joel Edmundson           1  1  2   1  0   2  1  2  0  0  0/0    25:01   2:36   2:34 
Jori Lehtera             0  0  0  -1  0   2  2  0  0  0  5/13   10:25   0:00   0:00 
Loui Eriksson            0  2  2   2  0   2  1  1  0  0  0/0    17:41   0:00   3:20 
Matt Benning             0  0  0   0  0   0  2  2  0  0  0/0    14:04   0:00   0:12 
Michael Frolik           0  1  1   1  0   1  0  0  0  0  1/1    17:26   2:18   1:15 
Olli Maatta              1  0  1   0  4   2  2  3  0  0  0/0    16:11   2:18   0:03 
Richard Panik            0  0  0  -2  2   3  3  0  0  0  1/1    20:52   2:36   0:00 
Trevor Lewis             0  1  1   2  0   0  1  0  0  0  0/2     7:25   0:00   0:00 
Valtteri Filppula        0  1  1  -2  0   1  0  0  0  0  15/27  20:53   2:36   0:00 
Zdeno Chara              0  1  1   1  0   2  3  1  0  0  0/0    25:10   2:36   2:43 
Zemgus Girgensons        0  2  2   2  0   1  1  1  0  0  5/10    7:25   0:00   0:00 

3 Stars

1 - Alex Killorn (CLB)
2 - Jussi Jokinen (TOR)
3 - Casey Cizikas (CLB)

Power Play

TORONTO Maple Leafs - 1 on 3 Attempt(s) - 33,33%
COLUMBUS Blue Jackets - 2 on 3 Attempt(s) - 66,67%

Penalty Kill

TORONTO Maple Leafs - 1 on 3 Attempt(s) - 33,33% - Score 0 goal in Penalty Kill
COLUMBUS Blue Jackets - 2 on 3 Attempt(s) - 66,67% - Score 0 goal in Penalty Kill

Team Stat

TORONTO Maple Leafs - Hits : 16 - Faceoff Wins : 44 - Blocked Shots : 9 - Penalty Minutes : 6
COLUMBUS Blue Jackets - Hits : 24 - Faceoff Wins : 42 - Blocked Shots : 13 - Penalty Minutes : 6

Official

Referees : Unknown
Linesman : Unknown

Game Notes

Casey Cizikas has scored in a empty net!

Finance

Level 1 -- Attendance: 5073 (83,85%) -- Ticket Income 502 227 $
Level 2 -- Attendance: 4164 (82,46%) -- Ticket Income 245 676 $
Level 3 -- Attendance: 2044 (98,51%) -- Ticket Income 75 628 $
Level 4 -- Attendance: 4103 (100,00%) -- Ticket Income 61 545 $
Luxury Box -- Attendance: 759 (75,37%) -- Ticket Income 157 872 $
Game was played at the Nationwide Arena.
Total Attendance: 16143 (88,29%)
Total Ticket Income: 1 042 948 $
Other Income: 406 750 $
Total Income: 1 449 698 $

TORONTO Maple Leafs

5 vs 5 Forward 
   Center                   Left Wing                Right Wing               Time % Phy DF OF 
 1 Kyle Turris              Jason Zucker             Nikolaj Ehlers           40     0   1  4  
 2 Tyler Bozak              Colin Wilson             Corey Perry              30     0   1  4  
 3 Jussi Jokinen            Austin Watson            Timo Meier               20     1   2  2  
 4 Mark Jankowski           Stefan Noesen            Brett Ritchie            10     1   2  2  

5 vs 5 Defense 
   Defense                  Defense                                           Time % Phy DF OF 
 1 Julius Honka             Andrej Sekera                                     40     0   2  3  
 2 Nick Leddy               Patrik Nemeth                                     35     2   2  1  
 3 Ben Chiarot              Ian McCoshen                                      20     1   4  0  
 4 Nick Leddy               Andrej Sekera                                     5      0   1  4  

PowerPlay Forward 
   Center                   Left Wing                Right Wing               Time % Phy DF OF 
 1 Kyle Turris              Jason Zucker             Nikolaj Ehlers           60     0   1  4  
 2 Tyler Bozak              Colin Wilson             Corey Perry              40     0   1  4  

PowerPlay Defense
   Defense                  Defense                                           Time % Phy DF OF 
 1 Nick Leddy               Ben Chiarot                                       75     1   2  2  
 2 Andrej Sekera            Patrik Nemeth                                     25     1   2  2  

Penalty Kill 4 Players Forward 
   Center                   Wing                     Time % Phy DF OF 
 1 Austin Watson            Jason Zucker             60     1   3  1  
 2 Kyle Turris              Stefan Noesen            40     1   3  1  

Penalty Kill 4 Players Defense
   Defense                  Defense                  Time % Phy DF OF 
 1 Patrik Nemeth            Andrej Sekera            60     1   4  0  
 2 Nick Leddy               Ben Chiarot              40     1   4  0  

Penalty Kill - 3 Players Forward 
   Forward                                           Time % Phy DF OF 
 1 Austin Watson                                     60     1   4  0  
 2 Jason Zucker                                      40     1   4  0  

Penalty Kill - 3 Players Defense
   Defense                  Defense                  Time % Phy DF OF 
 1 Patrik Nemeth            Andrej Sekera            60     1   4  0  
 2 Nick Leddy               Ben Chiarot              40     1   4  0  

4 vs 4 Forward 
   Center                   Wing                     Time % Phy DF OF 
 1 Kyle Turris              Jason Zucker             60     1   2  2  
 2 Tyler Bozak              Nikolaj Ehlers           40     1   2  2  

4 vs 4 Defense
   Defense                  Defense                  Time % Phy DF OF 
 1 Ian McCoshen             Andrej Sekera            60     0   2  3  
 2 Nick Leddy               Patrik Nemeth            40     1   2  2  

Last Minutes Offensive
   Center                   Left Wing                Right Wing               Defense                  Defense                  
   Kyle Turris              Jason Zucker             Nikolaj Ehlers           Julius Honka             Nick Leddy               

Last Minutes Defensive
   Center                   Left Wing                Right Wing               Defense                  Defense                  
   Austin Watson            Jason Zucker             Stefan Noesen            Julius Honka             Patrik Nemeth            

Goaltenders
Starting : Roberto Luongo           
Backup : Adin Hill                

Extra Forwards
Normal : Colin Wilson, Kyle Turris, Timo Meier - PP : Colin Wilson, Kyle Turris - PK : Timo Meier
Extra Defensemen
Normal : Nick Leddy, Ian McCoshen, Patrik Nemeth - PP : Ian McCoshen - PK : Ian McCoshen, Patrik Nemeth
Penalty Shots
Jason Zucker, Nikolaj Ehlers, Kyle Turris, Timo Meier, Austin Watson

COLUMBUS Blue Jackets

5 vs 5 Forward 
   Center                   Left Wing                Right Wing               Time % Phy DF OF 
 1 Valtteri Filppula        Richard Panik            Andre Burakovsky         40     0   2  3  
 2 Casey Cizikas            Michael Frolik           Loui Eriksson            30     0   4  1  
 3 Jori Lehtera             Artturi Lehkonen         Alex Killorn             20     0   2  3  
 4 Zemgus Girgensons        Gabriel Bourque          Trevor Lewis             10     0   3  1  

5 vs 5 Defense 
   Defense                  Defense                                           Time % Phy DF OF 
 1 Zdeno Chara              Joel Edmundson                                    40     0   2  3  
 2 Calvin de Haan           Dmitry Kulikov                                    30     0   4  1  
 3 Olli Maatta              Matt Benning                                      20     0   5  0  
 4 Zdeno Chara              Joel Edmundson                                    10     0   3  2  

PowerPlay Forward 
   Center                   Left Wing                Right Wing               Time % Phy DF OF 
 1 Valtteri Filppula        Andre Burakovsky         Richard Panik            60     0   0  5  
 2 Michael Frolik           Artturi Lehkonen         Alex Killorn             40     0   0  5  

PowerPlay Defense
   Defense                  Defense                                           Time % Phy DF OF 
 1 Zdeno Chara              Joel Edmundson                                    60     0   2  3  
 2 Olli Maatta              Dmitry Kulikov                                    40     0   2  3  

Penalty Kill 4 Players Forward 
   Center                   Wing                     Time % Phy DF OF 
 1 Casey Cizikas            Loui Eriksson            60     0   5  0  
 2 Michael Frolik           Alex Killorn             40     0   5  0  

Penalty Kill 4 Players Defense
   Defense                  Defense                  Time % Phy DF OF 
 1 Zdeno Chara              Joel Edmundson           60     0   5  0  
 2 Calvin de Haan           Dmitry Kulikov           40     0   5  0  

Penalty Kill - 3 Players Forward 
   Forward                                           Time % Phy DF OF 
 1 Gabriel Bourque                                   60     0   5  0  
 2 Casey Cizikas                                     40     0   5  0  

Penalty Kill - 3 Players Defense
   Defense                  Defense                  Time % Phy DF OF 
 1 Zdeno Chara              Calvin de Haan           60     0   5  0  
 2 Joel Edmundson           Dmitry Kulikov           40     0   5  0  

4 vs 4 Forward 
   Center                   Wing                     Time % Phy DF OF 
 1 Valtteri Filppula        Andre Burakovsky         60     0   3  2  
 2 Trevor Lewis             Artturi Lehkonen         40     0   3  2  

4 vs 4 Defense
   Defense                  Defense                  Time % Phy DF OF 
 1 Zdeno Chara              Olli Maatta              60     0   3  2  
 2 Joel Edmundson           Dmitry Kulikov           40     0   3  2  

Last Minutes Offensive
   Center                   Left Wing                Right Wing               Defense                  Defense                  
   Valtteri Filppula        Andre Burakovsky         Richard Panik            Zdeno Chara              Joel Edmundson           

Last Minutes Defensive
   Center                   Left Wing                Right Wing               Defense                  Defense                  
   Casey Cizikas            Loui Eriksson            Alex Killorn             Zdeno Chara              Joel Edmundson           

Goaltenders
Starting : Mike Smith               
Backup : Jonathan Bernier         

Extra Forwards
Normal : Trevor Lewis, Artturi Lehkonen, Andre Burakovsky - PP : Trevor Lewis, Artturi Lehkonen - PK : Andre Burakovsky
Extra Defensemen
Normal : Dmitry Kulikov, Joel Edmundson, Zdeno Chara - PP : Dmitry Kulikov - PK : Dmitry Kulikov, Joel Edmundson
Penalty Shots
Andre Burakovsky, Artturi Lehkonen, Loui Eriksson, Alex Killorn, Trevor Lewis


% Time on Ice - TORONTO Maple Leafs

Lines # - Real PCT - Wanted PCT - Time Play
Normal Forward
1 - 32% - 40% - 16:10
2 - 33% - 30% - 16:33
3 - 22% - 20% - 10:53
4 - 13% - 10% - 6:24
Normal Defense
1 - 41% - 40% - 20:23
2 - 34% - 35% - 17:00
3 - 24% - 20% - 11:45
4 - 2% - 5% - 0:52
PP Forward
1 - 59% - 60% - 2:43
2 - 41% - 40% - 1:55
PP Defense
1 - 58% - 75% - 2:42
2 - 42% - 25% - 1:56
PK Forward
1 - 71% - 60% - 3:30
2 - 29% - 40% - 1:24
PK Defense
1 - 52% - 60% - 2:33
2 - 48% - 40% - 2:21
PK3 Forward
1 - 0% - 60%
2 - 0% - 40%
PK3 Defense
1 - 0% - 60%
2 - 0% - 40%
44 Forward
1 - 0% - 60%
2 - 0% - 40%
44 Defense
1 - 0% - 60%
2 - 0% - 40%
Last Minute Offensive  - 0:28
Last Minute Defensive  - 0:00
Total
Forward - 60:00
Defense - 60:00

% Time on Ice - COLUMBUS Blue Jackets

Lines # - Real PCT - Wanted PCT - Time Play
Normal Forward
1 - 37% - 40% - 18:17
2 - 28% - 30% - 13:53
3 - 21% - 20% - 10:25
4 - 15% - 10% - 7:25
Normal Defense
1 - 34% - 40% - 16:56
2 - 34% - 30% - 16:45
3 - 28% - 20% - 13:52
4 - 5% - 10% - 2:27
PP Forward
1 - 53% - 60% - 2:36
2 - 47% - 40% - 2:18
PP Defense
1 - 53% - 60% - 2:36
2 - 47% - 40% - 2:18
PK Forward
1 - 73% - 60% - 3:23
2 - 27% - 40% - 1:15
PK Defense
1 - 60% - 60% - 2:46
2 - 40% - 40% - 1:52
PK3 Forward
1 - 0% - 60%
2 - 0% - 40%
PK3 Defense
1 - 0% - 60%
2 - 0% - 40%
44 Forward
1 - 0% - 60%
2 - 0% - 40%
44 Defense
1 - 0% - 60%
2 - 0% - 40%
Last Minute Offensive  - 0:00
Last Minute Defensive  - 0:28
Total
Forward - 60:00
Defense - 60:00

Play by Play

1st period


0:01 of 1st period - Valtteri Filppula wins face-off versus Kyle Turris in neutral zone.
0:43 of 1st period - Shot by Richard Panik.
0:43 of 1st period - Shot Misses the Net.
1:11 of 1st period - Shot by Casey Cizikas.
1:11 of 1st period - Shot Misses the Net.
1:13 of 1st period - Shot by Casey Cizikas.
1:13 of 1st period - Stopped by Roberto Luongo with a rebound.
1:15 of 1st period - Shot by Calvin de Haan.
1:15 of 1st period - Shot Blocked by Andrej Sekera.
1:17 of 1st period - Shot by Calvin de Haan.
1:17 of 1st period - Stopped by Roberto Luongo without a rebound.
1:18 of 1st period - Jori Lehtera wins face-off versus Corey Perry in TORONTO Maple Leafs zone.
1:21 of 1st period - Shot by Artturi Lehkonen.
1:21 of 1st period - Shot Misses the Net.
2:28 of 1st period - Joel Edmundson is hit by Austin Watson and loses puck.
2:41 of 1st period - Timo Meier is hit by Zemgus Girgensons.
3:44 of 1st period - Shot by Valtteri Filppula.
3:44 of 1st period - Shot Blocked by Nick Leddy.
3:46 of 1st period - Shot by Andre Burakovsky.
3:46 of 1st period - Stopped by Roberto Luongo without a rebound.
3:47 of 1st period - Casey Cizikas wins face-off versus Tyler Bozak in TORONTO Maple Leafs zone.
3:50 of 1st period - Shot by Loui Eriksson.
3:50 of 1st period - Stopped by Roberto Luongo without a rebound.
3:51 of 1st period - Colin Wilson wins face-off versus Casey Cizikas in TORONTO Maple Leafs zone.
3:56 of 1st period - Shot by Tyler Bozak.
3:56 of 1st period - Shot Misses the Net.
4:11 of 1st period - Shot by Loui Eriksson.
4:11 of 1st period - Shot Misses the Net.
4:13 of 1st period - Shot by Casey Cizikas.
4:13 of 1st period - Shot Misses the Net.
4:25 of 1st period - Shot by Casey Cizikas.
4:25 of 1st period - Shot Blocked by Patrik Nemeth.
4:27 of 1st period - Shot by Loui Eriksson.
4:27 of 1st period - Shot Misses the Net.
4:29 of 1st period - Shot by Olli Maatta.
4:29 of 1st period - Goal by Olli Maatta - TORONTO Maple Leafs : 0 - COLUMBUS Blue Jackets : 1.
4:30 of 1st period - Valtteri Filppula wins face-off versus Kyle Turris in neutral zone.
4:35 of 1st period - Shot by Richard Panik.
4:35 of 1st period - Stopped by Roberto Luongo without a rebound.
4:36 of 1st period - Valtteri Filppula wins face-off versus Kyle Turris in TORONTO Maple Leafs zone.
4:55 of 1st period - Shot by Andre Burakovsky.
4:55 of 1st period - Shot Misses the Net.
4:57 of 1st period - Shot by Richard Panik.
4:57 of 1st period - Deflect By Valtteri Filppula.
4:57 of 1st period - Shot Misses the Net.
5:48 of 1st period - Off-side.
5:49 of 1st period - Jussi Jokinen wins face-off versus Jori Lehtera in neutral zone.
5:49 of 1st period - Jussi Jokinen is hit by Alex Killorn.
5:57 of 1st period - Shot by Austin Watson.
5:57 of 1st period - Stopped by Mike Smith without a rebound.
5:58 of 1st period - Tyler Bozak wins face-off versus Jori Lehtera in COLUMBUS Blue Jackets zone.
6:38 of 1st period - Alex Killorn is hit by Patrik Nemeth and loses puck.
6:54 of 1st period - Minor Penalty to Patrik Nemeth for Interference.
6:55 of 1st period - Valtteri Filppula wins face-off versus Austin Watson in TORONTO Maple Leafs zone.
7:20 of 1st period - Shot by Richard Panik.
7:20 of 1st period - Shot Misses the Net.
8:19 of 1st period - Shot by Olli Maatta.
8:19 of 1st period - Stopped by Roberto Luongo without a rebound.
8:20 of 1st period - Valtteri Filppula wins face-off versus Austin Watson in TORONTO Maple Leafs zone.
8:29 of 1st period - Shot by Richard Panik.
8:29 of 1st period - Stopped by Roberto Luongo without a rebound.
8:30 of 1st period - Austin Watson wins face-off versus Valtteri Filppula in TORONTO Maple Leafs zone.
8:59 of 1st period - Nick Leddy is hit by Loui Eriksson and loses puck.
9:16 of 1st period - Shot by Colin Wilson.
9:16 of 1st period - Stopped by Mike Smith with a rebound.
10:03 of 1st period - Austin Watson is hit by Calvin de Haan and loses puck.
10:38 of 1st period - Shot by Nikolaj Ehlers.
10:38 of 1st period - Stopped by Mike Smith without a rebound.
10:39 of 1st period - Mark Jankowski wins face-off versus Valtteri Filppula in COLUMBUS Blue Jackets zone.
10:39 of 1st period - Andrej Sekera is hit by Zdeno Chara and loses puck.
11:14 of 1st period - Shot by Zdeno Chara.
11:14 of 1st period - Stopped by Roberto Luongo without a rebound.
11:15 of 1st period - Zemgus Girgensons wins face-off versus Nikolaj Ehlers in TORONTO Maple Leafs zone.
11:33 of 1st period - Icing by Calvin de Haan.
11:34 of 1st period - Zemgus Girgensons wins face-off versus Timo Meier in COLUMBUS Blue Jackets zone.
11:51 of 1st period - Minor Penalty to Austin Watson for High sticking.
11:52 of 1st period - Timo Meier wins face-off versus Valtteri Filppula in TORONTO Maple Leafs zone.
12:07 of 1st period - Shot by Joel Edmundson.
12:07 of 1st period - Shot Blocked by Nick Leddy.
12:13 of 1st period - Shot by Andre Burakovsky.
12:13 of 1st period - Stopped by Roberto Luongo with a rebound.
12:15 of 1st period - Shot by Joel Edmundson.
12:15 of 1st period - Stopped by Roberto Luongo without a rebound.
12:16 of 1st period - Jussi Jokinen wins face-off versus Artturi Lehkonen in TORONTO Maple Leafs zone.
12:37 of 1st period - Shot by Dmitry Kulikov.
12:37 of 1st period - Shot Misses the Net.
12:39 of 1st period - Shot by Alex Killorn.
12:39 of 1st period - Deflect By Michael Frolik.
12:39 of 1st period - Shot Blocked by Andrej Sekera.
12:41 of 1st period - Shot by Artturi Lehkonen.
12:41 of 1st period - Shot Blocked by Patrik Nemeth.
12:43 of 1st period - Shot by Dmitry Kulikov.
12:43 of 1st period - Shot Misses the Net.
12:47 of 1st period - Shot by Alex Killorn.
12:47 of 1st period - Goal by Alex Killorn - TORONTO Maple Leafs : 0 - COLUMBUS Blue Jackets : 2.
12:48 of 1st period - Valtteri Filppula wins face-off versus Tyler Bozak in neutral zone.
13:02 of 1st period - Off-side.
13:03 of 1st period - Zemgus Girgensons wins face-off versus Stefan Noesen in neutral zone.
13:08 of 1st period - Shot by Zemgus Girgensons.
13:08 of 1st period - Stopped by Roberto Luongo with a rebound.
13:10 of 1st period - Shot by Zdeno Chara.
13:10 of 1st period - Shot Blocked by Andrej Sekera.
13:12 of 1st period - Shot by Joel Edmundson.
13:12 of 1st period - Goal by Joel Edmundson - TORONTO Maple Leafs : 0 - COLUMBUS Blue Jackets : 3.
13:13 of 1st period - Valtteri Filppula wins face-off versus Jussi Jokinen in neutral zone.
13:19 of 1st period - Richard Panik is hit by Nick Leddy and loses puck.
13:36 of 1st period - Shot by Andre Burakovsky.
13:36 of 1st period - Stopped by Roberto Luongo without a rebound.
13:37 of 1st period - Casey Cizikas wins face-off versus Kyle Turris in TORONTO Maple Leafs zone.
13:50 of 1st period - Shot by Andrej Sekera.
13:50 of 1st period - Shot Misses the Net.
14:06 of 1st period - Icing by Zdeno Chara.
14:07 of 1st period - Tyler Bozak wins face-off versus Casey Cizikas in COLUMBUS Blue Jackets zone.
14:31 of 1st period - Shot by Nick Leddy.
14:31 of 1st period - Stopped by Mike Smith with a rebound.
14:45 of 1st period - Shot by Tyler Bozak.
14:45 of 1st period - Shot Misses the Net.
14:56 of 1st period - Icing by Joel Edmundson.
14:57 of 1st period - Casey Cizikas wins face-off versus Nikolaj Ehlers in COLUMBUS Blue Jackets zone.
15:20 of 1st period - Andrej Sekera is hit by Casey Cizikas and loses puck.
15:46 of 1st period - Icing by Zdeno Chara.
15:47 of 1st period - Jussi Jokinen wins face-off versus Casey Cizikas in COLUMBUS Blue Jackets zone.
16:22 of 1st period - Shot by Austin Watson.
16:22 of 1st period - Shot Misses the Net.
16:24 of 1st period - Shot by Jussi Jokinen.
16:24 of 1st period - Shot Misses the Net.
16:26 of 1st period - Shot by Ben Chiarot.
16:26 of 1st period - Stopped by Mike Smith without a rebound.
16:27 of 1st period - Tyler Bozak wins face-off versus Andre Burakovsky in COLUMBUS Blue Jackets zone.
16:28 of 1st period - Shot by Corey Perry.
16:28 of 1st period - Stopped by Mike Smith with a rebound.
17:25 of 1st period - Icing by Andrej Sekera.
17:26 of 1st period - Jori Lehtera wins face-off versus Kyle Turris in TORONTO Maple Leafs zone.
17:59 of 1st period - Kyle Turris is hit by Jori Lehtera and loses puck.
18:39 of 1st period - Shot by Jussi Jokinen.
18:39 of 1st period - Shot Blocked by Olli Maatta.
18:41 of 1st period - Shot by Austin Watson.
18:41 of 1st period - Shot Misses the Net.
18:50 of 1st period - Jussi Jokinen is hit by Olli Maatta and loses puck.
19:25 of 1st period - Shot by Tyler Bozak.
19:25 of 1st period - Stopped by Mike Smith without a rebound.
19:26 of 1st period - Mark Jankowski wins face-off versus Zemgus Girgensons in COLUMBUS Blue Jackets zone.
19:32 of 1st period - Zemgus Girgensons is hit by Brett Ritchie and loses puck.
Goals for this period are 0 for TORONTO Maple Leafs vs 3 for COLUMBUS Blue Jackets.
Shots for this period are 7 for TORONTO Maple Leafs vs 15 for COLUMBUS Blue Jackets.

2nd period


0:01 of 2nd period - Kyle Turris wins face-off versus Valtteri Filppula in neutral zone.
0:19 of 2nd period - Shot by Andre Burakovsky.
0:19 of 2nd period - Goal by Andre Burakovsky - TORONTO Maple Leafs : 0 - COLUMBUS Blue Jackets : 4.
0:20 of 2nd period - Casey Cizikas wins face-off versus Tyler Bozak in neutral zone.
0:31 of 2nd period - Shot by Corey Perry.
0:31 of 2nd period - Shot Misses the Net.
0:38 of 2nd period - Tyler Bozak is hit by Dmitry Kulikov and loses puck.
0:47 of 2nd period - Shot by Nick Leddy.
0:47 of 2nd period - Shot Misses the Net.
1:09 of 2nd period - Nick Leddy is hit by Casey Cizikas and loses puck.
1:32 of 2nd period - Shot by Jason Zucker.
1:32 of 2nd period - Shot Misses the Net.
1:34 of 2nd period - Shot by Andrej Sekera.
1:34 of 2nd period - Shot Misses the Net.
1:36 of 2nd period - Shot by Andrej Sekera.
1:36 of 2nd period - Stopped by Mike Smith with a rebound.
1:40 of 2nd period - Shot by Nikolaj Ehlers.
1:40 of 2nd period - Deflect By Jason Zucker.
1:40 of 2nd period - Stopped by Mike Smith without a rebound.
1:41 of 2nd period - Valtteri Filppula wins face-off versus Jussi Jokinen in COLUMBUS Blue Jackets zone.
2:04 of 2nd period - Shot by Andre Burakovsky.
2:04 of 2nd period - Stopped by Roberto Luongo without a rebound.
2:05 of 2nd period - Kyle Turris wins face-off versus Jori Lehtera in TORONTO Maple Leafs zone.
2:25 of 2nd period - Matt Benning is hit by Julius Honka and loses puck.
2:33 of 2nd period - Alex Killorn is hit by Julius Honka and loses puck.
2:36 of 2nd period - Shot by Jori Lehtera.
2:36 of 2nd period - Stopped by Roberto Luongo without a rebound.
2:37 of 2nd period - Mark Jankowski wins face-off versus Valtteri Filppula in TORONTO Maple Leafs zone.
3:01 of 2nd period - Shot by Mark Jankowski.
3:01 of 2nd period - Stopped by Mike Smith without a rebound.
3:02 of 2nd period - Tyler Bozak wins face-off versus Trevor Lewis in COLUMBUS Blue Jackets zone.
3:05 of 2nd period - Shot by Corey Perry.
3:05 of 2nd period - Deflect By Colin Wilson.
3:05 of 2nd period - Shot Blocked by Zemgus Girgensons.
3:19 of 2nd period - Shot by Trevor Lewis.
3:19 of 2nd period - Shot Misses the Net.
4:02 of 2nd period - Zdeno Chara is hit by Andrej Sekera and loses puck.
5:15 of 2nd period - Off-side.
5:16 of 2nd period - Artturi Lehkonen wins face-off versus Mark Jankowski in neutral zone.
5:16 of 2nd period - Alex Killorn is hit by Stefan Noesen and loses puck.
5:46 of 2nd period - Artturi Lehkonen is hit by Ben Chiarot and loses puck.
6:30 of 2nd period - Icing by Nikolaj Ehlers.
6:31 of 2nd period - Kyle Turris wins face-off versus Zemgus Girgensons in TORONTO Maple Leafs zone.
6:31 of 2nd period - Kyle Turris is hit by Trevor Lewis.
6:56 of 2nd period - Icing by Trevor Lewis.
6:57 of 2nd period - Tyler Bozak wins face-off versus Trevor Lewis in COLUMBUS Blue Jackets zone.
8:11 of 2nd period - Shot by Richard Panik.
8:11 of 2nd period - Deflect By Valtteri Filppula.
8:11 of 2nd period - Shot Blocked by Andrej Sekera.
8:13 of 2nd period - Shot by Joel Edmundson.
8:13 of 2nd period - Shot Misses the Net.
8:23 of 2nd period - Shot by Kyle Turris.
8:23 of 2nd period - Shot Misses the Net.
9:10 of 2nd period - Shot by Jussi Jokinen.
9:10 of 2nd period - Deflect By Timo Meier.
9:10 of 2nd period - Goal by Timo Meier - TORONTO Maple Leafs : 1 - COLUMBUS Blue Jackets : 4.
9:11 of 2nd period - Tyler Bozak wins face-off versus Casey Cizikas in neutral zone.
9:34 of 2nd period - Minor Penalty to Olli Maatta for Interference.
9:35 of 2nd period - Casey Cizikas wins face-off versus Tyler Bozak in COLUMBUS Blue Jackets zone.
10:31 of 2nd period - Shot by Patrik Nemeth.
10:31 of 2nd period - Stopped by Mike Smith without a rebound.
10:32 of 2nd period - Jason Zucker wins face-off versus Casey Cizikas in COLUMBUS Blue Jackets zone.
10:49 of 2nd period - Shot by Jason Zucker.
10:49 of 2nd period - Shot Misses the Net.
10:51 of 2nd period - Shot by Nikolaj Ehlers.
10:51 of 2nd period - Shot Blocked by Calvin de Haan.
11:29 of 2nd period - Shot by Nick Leddy.
11:29 of 2nd period - Stopped by Mike Smith with a rebound.
11:31 of 2nd period - Shot by Corey Perry.
11:31 of 2nd period - Stopped by Mike Smith with a rebound.
11:33 of 2nd period - Shot by Nick Leddy.
11:33 of 2nd period - Shot Misses the Net.
11:41 of 2nd period - Shot by Trevor Lewis.
11:41 of 2nd period - Shot Misses the Net.
11:43 of 2nd period - Shot by Zemgus Girgensons.
11:43 of 2nd period - Deflect By Gabriel Bourque.
11:43 of 2nd period - Goal by Gabriel Bourque - TORONTO Maple Leafs : 1 - COLUMBUS Blue Jackets : 5.
11:44 of 2nd period - Valtteri Filppula wins face-off versus Mark Jankowski in neutral zone.
11:49 of 2nd period - Shot by Andrej Sekera.
11:49 of 2nd period - Shot Blocked by Olli Maatta.
11:51 of 2nd period - Shot by Stefan Noesen.
11:51 of 2nd period - Shot Blocked by Olli Maatta.
11:53 of 2nd period - Shot by Mark Jankowski.
11:53 of 2nd period - Shot Misses the Net.
11:57 of 2nd period - Shot by Brett Ritchie.
11:57 of 2nd period - Shot Misses the Net.
12:01 of 2nd period - Shot by Brett Ritchie.
12:01 of 2nd period - Shot Misses the Net.
12:03 of 2nd period - Shot by Mark Jankowski.
12:03 of 2nd period - Shot Misses the Net.
12:05 of 2nd period - Shot by Mark Jankowski.
12:05 of 2nd period - Shot Blocked by Matt Benning.
12:07 of 2nd period - Shot by Stefan Noesen.
12:07 of 2nd period - Goal by Stefan Noesen - TORONTO Maple Leafs : 2 - COLUMBUS Blue Jackets : 5.
12:08 of 2nd period - Jussi Jokinen wins face-off versus Jori Lehtera in neutral zone.
12:08 of 2nd period - Jussi Jokinen is hit by Jori Lehtera.
12:24 of 2nd period - Shot by Nick Leddy.
12:24 of 2nd period - Shot Misses the Net.
12:33 of 2nd period - Jussi Jokinen is hit by Zdeno Chara and loses puck.
12:43 of 2nd period - Timo Meier is hit by Joel Edmundson and loses puck.
12:46 of 2nd period - Shot by Jussi Jokinen.
12:46 of 2nd period - Shot Misses the Net.
12:48 of 2nd period - Shot by Nick Leddy.
12:48 of 2nd period - Stopped by Mike Smith without a rebound.
12:49 of 2nd period - Kyle Turris wins face-off versus Valtteri Filppula in COLUMBUS Blue Jackets zone.
13:02 of 2nd period - Shot by Nikolaj Ehlers.
13:02 of 2nd period - Stopped by Mike Smith without a rebound.
13:03 of 2nd period - Casey Cizikas wins face-off versus Tyler Bozak in COLUMBUS Blue Jackets zone.
13:45 of 2nd period - Shot by Tyler Bozak.
13:45 of 2nd period - Shot Blocked by Matt Benning.
14:13 of 2nd period - Shot by Jason Zucker.
14:13 of 2nd period - Shot Misses the Net.
14:22 of 2nd period - Shot by Jason Zucker.
14:22 of 2nd period - Stopped by Mike Smith without a rebound.
14:23 of 2nd period - Valtteri Filppula wins face-off versus Jussi Jokinen in COLUMBUS Blue Jackets zone.
14:25 of 2nd period - Zdeno Chara is hit by Austin Watson and loses puck.
14:45 of 2nd period - Shot by Jussi Jokinen.
14:45 of 2nd period - Shot Misses the Net.
14:47 of 2nd period - Shot by Austin Watson.
14:47 of 2nd period - Shot Misses the Net.
14:49 of 2nd period - Shot by Jussi Jokinen.
14:49 of 2nd period - Goal by Jussi Jokinen - TORONTO Maple Leafs : 3 - COLUMBUS Blue Jackets : 5.
14:50 of 2nd period - Mark Jankowski wins face-off versus Jori Lehtera in neutral zone.
14:56 of 2nd period - Icing by Calvin de Haan.
14:57 of 2nd period - Kyle Turris wins face-off versus Jori Lehtera in COLUMBUS Blue Jackets zone.
15:08 of 2nd period - Shot by Artturi Lehkonen.
15:08 of 2nd period - Shot Misses the Net.
15:10 of 2nd period - Shot by Alex Killorn.
15:10 of 2nd period - Deflect By Artturi Lehkonen.
15:10 of 2nd period - Stopped by Roberto Luongo without a rebound.
15:11 of 2nd period - Colin Wilson wins face-off versus Valtteri Filppula in TORONTO Maple Leafs zone.
15:16 of 2nd period - Shot by Corey Perry.
15:16 of 2nd period - Shot Misses the Net.
15:18 of 2nd period - Shot by Patrik Nemeth.
15:18 of 2nd period - Shot Blocked by Joel Edmundson.
15:24 of 2nd period - Shot by Colin Wilson.
15:24 of 2nd period - Deflect By Tyler Bozak.
15:24 of 2nd period - Shot Misses the Net.
15:49 of 2nd period - Shot by Corey Perry.
15:49 of 2nd period - Shot Misses the Net.
15:51 of 2nd period - Shot by Corey Perry.
15:51 of 2nd period - Shot Blocked by Zdeno Chara.
15:53 of 2nd period - Shot by Patrik Nemeth.
15:53 of 2nd period - Shot Misses the Net.
17:27 of 2nd period - Shot by Jussi Jokinen.
17:27 of 2nd period - Shot Misses the Net.
17:37 of 2nd period - Shot by Jussi Jokinen.
17:37 of 2nd period - Goal by Jussi Jokinen - TORONTO Maple Leafs : 4 - COLUMBUS Blue Jackets : 5.
17:38 of 2nd period - Tyler Bozak wins face-off versus Zemgus Girgensons in neutral zone.
17:57 of 2nd period - Shot by Colin Wilson.
17:57 of 2nd period - Deflect By Tyler Bozak.
17:57 of 2nd period - Shot Misses the Net.
18:00 of 2nd period - Icing by Zemgus Girgensons.
18:01 of 2nd period - Zemgus Girgensons wins face-off versus Mark Jankowski in COLUMBUS Blue Jackets zone.
18:09 of 2nd period - Icing by Ben Chiarot.
18:10 of 2nd period - Valtteri Filppula wins face-off versus Mark Jankowski in TORONTO Maple Leafs zone.
18:15 of 2nd period - Shot by Richard Panik.
18:15 of 2nd period - Shot Misses the Net.
18:17 of 2nd period - Shot by Calvin de Haan.
18:17 of 2nd period - Stopped by Roberto Luongo without a rebound.
18:18 of 2nd period - Valtteri Filppula wins face-off versus Kyle Turris in TORONTO Maple Leafs zone.
18:30 of 2nd period - Shot by Kyle Turris.
18:30 of 2nd period - Shot Misses the Net.
18:32 of 2nd period - Shot by Jason Zucker.
18:32 of 2nd period - Stopped by Mike Smith without a rebound.
18:33 of 2nd period - Tyler Bozak wins face-off versus Casey Cizikas in COLUMBUS Blue Jackets zone.
18:34 of 2nd period - Shot by Andrej Sekera.
18:34 of 2nd period - Stopped by Mike Smith with a rebound.
19:23 of 2nd period - Icing by Andrej Sekera.
19:24 of 2nd period - Valtteri Filppula wins face-off versus Tyler Bozak in TORONTO Maple Leafs zone.
19:24 of 2nd period - Andre Burakovsky is hit by Julius Honka and loses puck.
19:37 of 2nd period - Shot by Richard Panik.
19:37 of 2nd period - Stopped by Roberto Luongo with a rebound.
19:39 of 2nd period - Shot by Richard Panik.
19:39 of 2nd period - Shot Misses the Net.
19:41 of 2nd period - Shot by Dmitry Kulikov.
19:41 of 2nd period - Shot Blocked by Andrej Sekera.
19:43 of 2nd period - Shot by Dmitry Kulikov.
19:43 of 2nd period - Stopped by Roberto Luongo without a rebound.
19:44 of 2nd period - Jori Lehtera wins face-off versus Kyle Turris in TORONTO Maple Leafs zone.
19:59 of 2nd period - Icing by Nick Leddy.
Goals for this period are 4 for TORONTO Maple Leafs vs 2 for COLUMBUS Blue Jackets.
Shots for this period are 15 for TORONTO Maple Leafs vs 8 for COLUMBUS Blue Jackets.

3rd period


0:01 of 3rd period - Andre Burakovsky wins face-off versus Kyle Turris in neutral zone.
0:34 of 3rd period - Shot by Nikolaj Ehlers.
0:34 of 3rd period - Shot Misses the Net.
1:03 of 3rd period - Icing by Nick Leddy.
1:04 of 3rd period - Casey Cizikas wins face-off versus Jussi Jokinen in TORONTO Maple Leafs zone.
1:38 of 3rd period - Off-side.
1:39 of 3rd period - Tyler Bozak wins face-off versus Jori Lehtera in neutral zone.
1:53 of 3rd period - Icing by Olli Maatta.
1:54 of 3rd period - Jason Zucker wins face-off versus Jori Lehtera in COLUMBUS Blue Jackets zone.
2:13 of 3rd period - Shot by Kyle Turris.
2:13 of 3rd period - Stopped by Mike Smith without a rebound.
2:14 of 3rd period - Richard Panik wins face-off versus Tyler Bozak in COLUMBUS Blue Jackets zone.
2:31 of 3rd period - Shot by Tyler Bozak.
2:31 of 3rd period - Stopped by Mike Smith with a rebound.
2:33 of 3rd period - Shot by Patrik Nemeth.
2:33 of 3rd period - Stopped by Mike Smith without a rebound.
2:34 of 3rd period - Casey Cizikas wins face-off versus Kyle Turris in COLUMBUS Blue Jackets zone.
2:38 of 3rd period - Calvin de Haan is hit by Nikolaj Ehlers and loses puck.
2:47 of 3rd period - Shot by Andrej Sekera.
2:47 of 3rd period - Stopped by Mike Smith without a rebound.
2:48 of 3rd period - Valtteri Filppula wins face-off versus Jussi Jokinen in COLUMBUS Blue Jackets zone.
4:06 of 3rd period - Shot by Jason Zucker.
4:06 of 3rd period - Stopped by Mike Smith without a rebound.
4:07 of 3rd period - Jori Lehtera wins face-off versus Tyler Bozak in COLUMBUS Blue Jackets zone.
4:15 of 3rd period - Icing by Alex Killorn.
4:16 of 3rd period - Kyle Turris wins face-off versus Artturi Lehkonen in COLUMBUS Blue Jackets zone.
4:33 of 3rd period - Shot by Olli Maatta.
4:33 of 3rd period - Shot Misses the Net.
4:35 of 3rd period - Shot by Jori Lehtera.
4:35 of 3rd period - Stopped by Roberto Luongo without a rebound.
4:36 of 3rd period - Tyler Bozak wins face-off versus Valtteri Filppula in TORONTO Maple Leafs zone.
5:11 of 3rd period - Corey Perry is hit by Zdeno Chara and loses puck.
5:30 of 3rd period - Shot by Jason Zucker.
5:30 of 3rd period - Shot Misses the Net.
5:32 of 3rd period - Shot by Julius Honka.
5:32 of 3rd period - Stopped by Mike Smith with a rebound.
5:34 of 3rd period - Shot by Nikolaj Ehlers.
5:34 of 3rd period - Shot Misses the Net.
5:46 of 3rd period - Shot by Nikolaj Ehlers.
5:46 of 3rd period - Stopped by Mike Smith without a rebound.
5:47 of 3rd period - Mark Jankowski wins face-off versus Casey Cizikas in COLUMBUS Blue Jackets zone.
6:28 of 3rd period - Brett Ritchie is hit by Calvin de Haan and loses puck.
6:51 of 3rd period - Shot by Artturi Lehkonen.
6:51 of 3rd period - Stopped by Roberto Luongo without a rebound.
6:52 of 3rd period - Tyler Bozak wins face-off versus Zemgus Girgensons in TORONTO Maple Leafs zone.
8:44 of 3rd period - Shot by Andre Burakovsky.
8:44 of 3rd period - Shot Misses the Net.
9:14 of 3rd period - Shot by Michael Frolik.
9:14 of 3rd period - Stopped by Roberto Luongo without a rebound.
9:15 of 3rd period - Jori Lehtera wins face-off versus Mark Jankowski in TORONTO Maple Leafs zone.
9:54 of 3rd period - Dmitry Kulikov is hit by Brett Ritchie.
10:45 of 3rd period - Icing by Corey Perry.
10:46 of 3rd period - Tyler Bozak wins face-off versus Valtteri Filppula in TORONTO Maple Leafs zone.
10:46 of 3rd period - Minor Penalty to Richard Panik for Hooking.
10:47 of 3rd period - Kyle Turris wins face-off versus Casey Cizikas in COLUMBUS Blue Jackets zone.
10:48 of 3rd period - Shot by Jason Zucker.
10:48 of 3rd period - Shot Blocked by Joel Edmundson.
10:50 of 3rd period - Shot by Patrik Nemeth.
10:50 of 3rd period - Shot Misses the Net.
10:52 of 3rd period - Shot by Nikolaj Ehlers.
10:52 of 3rd period - Shot Blocked by Loui Eriksson.
10:54 of 3rd period - Shot by Kyle Turris.
10:54 of 3rd period - Stopped by Mike Smith with a rebound.
10:56 of 3rd period - Shot by Jason Zucker.
10:56 of 3rd period - Stopped by Mike Smith without a rebound.
10:57 of 3rd period - Casey Cizikas wins face-off versus Kyle Turris in COLUMBUS Blue Jackets zone.
12:13 of 3rd period - Icing by Andrej Sekera.
12:14 of 3rd period - Tyler Bozak wins face-off versus Casey Cizikas in TORONTO Maple Leafs zone.
12:25 of 3rd period - Shot by Andrej Sekera.
12:25 of 3rd period - Stopped by Mike Smith without a rebound.
12:26 of 3rd period - Andre Burakovsky wins face-off versus Nikolaj Ehlers in COLUMBUS Blue Jackets zone.
12:47 of 3rd period - Shot by Jason Zucker.
12:47 of 3rd period - Stopped by Mike Smith without a rebound.
12:48 of 3rd period - Jussi Jokinen wins face-off versus Valtteri Filppula in COLUMBUS Blue Jackets zone.
12:48 of 3rd period - Timo Meier is hit by Olli Maatta and loses puck.
13:02 of 3rd period - Austin Watson is hit by Matt Benning and loses puck.
13:10 of 3rd period - Austin Watson is hit by Matt Benning and loses puck.
13:20 of 3rd period - Minor Penalty to Olli Maatta for Holding Stick.
13:21 of 3rd period - Casey Cizikas wins face-off versus Kyle Turris in COLUMBUS Blue Jackets zone.
13:46 of 3rd period - Shot by Zdeno Chara.
13:46 of 3rd period - Shot Misses the Net.
13:48 of 3rd period - Shot by Loui Eriksson.
13:48 of 3rd period - Stopped by Roberto Luongo without a rebound.
13:49 of 3rd period - Tyler Bozak wins face-off versus Casey Cizikas in TORONTO Maple Leafs zone.
13:54 of 3rd period - Shot by Andrej Sekera.
13:54 of 3rd period - Shot Blocked by Dmitry Kulikov.
13:56 of 3rd period - Shot by Andrej Sekera.
13:56 of 3rd period - Shot Misses the Net.
13:58 of 3rd period - Shot by Patrik Nemeth.
13:58 of 3rd period - Shot Blocked by Dmitry Kulikov.
14:00 of 3rd period - Shot by Patrik Nemeth.
14:00 of 3rd period - Goal by Patrik Nemeth - TORONTO Maple Leafs : 5 - COLUMBUS Blue Jackets : 5.
14:01 of 3rd period - Jussi Jokinen wins face-off versus Valtteri Filppula in neutral zone.
14:13 of 3rd period - Shot by Valtteri Filppula.
14:13 of 3rd period - Stopped by Roberto Luongo with a rebound.
14:50 of 3rd period - Off-side.
14:51 of 3rd period - Kyle Turris wins face-off versus Casey Cizikas in neutral zone.
15:00 of 3rd period - Minor Penalty to Nick Leddy for Hooking.
15:01 of 3rd period - Michael Frolik wins face-off versus Austin Watson in TORONTO Maple Leafs zone.
15:44 of 3rd period - Ben Chiarot is hit by Alex Killorn and loses puck.
16:49 of 3rd period - Shot by Dmitry Kulikov.
16:49 of 3rd period - Shot Misses the Net.
16:51 of 3rd period - Shot by Dmitry Kulikov.
16:51 of 3rd period - Shot Misses the Net.
16:59 of 3rd period - Shot by Michael Frolik.
16:59 of 3rd period - Deflect By Alex Killorn.
16:59 of 3rd period - Goal by Alex Killorn - TORONTO Maple Leafs : 5 - COLUMBUS Blue Jackets : 6.
17:00 of 3rd period - Gabriel Bourque wins face-off versus Tyler Bozak in neutral zone.
17:08 of 3rd period - Icing by Colin Wilson.
17:09 of 3rd period - Tyler Bozak wins face-off versus Zemgus Girgensons in TORONTO Maple Leafs zone.
17:51 of 3rd period - Icing by Zemgus Girgensons.
17:52 of 3rd period - Zemgus Girgensons wins face-off versus Mark Jankowski in COLUMBUS Blue Jackets zone.
17:52 of 3rd period - Zemgus Girgensons is hit by Stefan Noesen.
18:19 of 3rd period - Icing by Joel Edmundson.
18:20 of 3rd period - Kyle Turris wins face-off versus Valtteri Filppula in COLUMBUS Blue Jackets zone.
18:23 of 3rd period - Shot by Jason Zucker.
18:23 of 3rd period - Shot Misses the Net.
18:25 of 3rd period - Shot by Ian McCoshen.
18:25 of 3rd period - Stopped by Mike Smith without a rebound.
18:26 of 3rd period - Kyle Turris wins face-off versus Casey Cizikas in COLUMBUS Blue Jackets zone.
18:27 of 3rd period - Shot by Nikolaj Ehlers.
18:27 of 3rd period - Stopped by Mike Smith with a rebound.
18:37 of 3rd period - Shot by Zdeno Chara.
18:37 of 3rd period - Stopped by Roberto Luongo without a rebound.
18:38 of 3rd period - Tyler Bozak wins face-off versus Andre Burakovsky in TORONTO Maple Leafs zone.
18:38 of 3rd period - Tyler Bozak is hit by Richard Panik.
18:58 of 3rd period - Valtteri Filppula is hit by Julius Honka and loses puck.
19:09 of 3rd period - TORONTO Maple Leafs, Roberto Luongo is pulled from the net.
19:15 of 3rd period - Shot by Tyler Bozak.
19:15 of 3rd period - Deflect By Corey Perry.
19:15 of 3rd period - Stopped by Mike Smith without a rebound.
19:16 of 3rd period - Kyle Turris wins face-off versus Casey Cizikas in COLUMBUS Blue Jackets zone.
19:23 of 3rd period - Shot by Nick Leddy.
19:23 of 3rd period - Stopped by Mike Smith without a rebound.
19:24 of 3rd period - Casey Cizikas wins face-off versus Kyle Turris in COLUMBUS Blue Jackets zone.
19:24 of 3rd period - Casey Cizikas is hit by Jason Zucker.
19:30 of 3rd period - Nick Leddy is hit by Casey Cizikas and loses puck.
19:39 of 3rd period - Shot by Casey Cizikas.
19:39 of 3rd period - Shot Misses the Net.
19:41 of 3rd period - Shot by Loui Eriksson.
19:41 of 3rd period - Shot Misses the Net.
19:43 of 3rd period - Shot by Casey Cizikas.
19:43 of 3rd period - Goal by Casey Cizikas - TORONTO Maple Leafs : 5 - COLUMBUS Blue Jackets : 7.
19:43 of 3rd period - Roberto Luongo from TORONTO Maple Leafs was sent back in the game.
19:44 of 3rd period - Valtteri Filppula wins face-off versus Jussi Jokinen in neutral zone.
19:49 of 3rd period - Timo Meier is hit by Richard Panik and loses puck.
19:53 of 3rd period - Ian McCoshen is hit by Richard Panik.
Goals for this period are 1 for TORONTO Maple Leafs vs 2 for COLUMBUS Blue Jackets.
Shots for this period are 16 for TORONTO Maple Leafs vs 8 for COLUMBUS Blue Jackets.